 Dungeon Crawl Stone Soup version 0.23-a0-650-ga4d50d4 (webtiles) character file.

257 robertstho the Charmwright (level 6, 0/50 HPs)
             Began as a Gnoll Skald on Jan 6, 2019.
             Succumbed to a water moccasin's poison
             ... on level 5 of the Dungeon.
             The game lasted 00:04:51 (2779 turns).

robertstho the Charmwright (Gnoll Skald)            Turns: 2779, Time: 00:04:52

Health: 0/50       AC:  8    Str: 19    XL:     6   Next: 16%
Magic:  13/13      EV: 14    Int: 21    God:
Gold:   126        SH:  3    Dex: 15    Spells: 14/15 levels left

rFire    . . .     SeeInvis .   a - +0 spear
rCold    . . .     Gourm    .   (no shield)
rNeg     . . .     Faith    .   g - +0 ring mail
rPois    .         Spirit   .   (no helmet)
rElec    .         Reflect  +   c - +1 cloak
rCorr    .         Harm     .   s - +0 pair of gloves
MR       .....                  (no boots)
Stlth    +.........             k - +3 amulet of reflection
HPRegen  0.16/turn              (no ring)
MPRegen  0.13/turn              (no ring)

@: mighty, brilliant, lethally poisoned (0 -> -4), flying, very slightly
contaminated, invisible
A: distributed training, fangs 1, strong nose
a: no special abilities


You were on level 5 of the Dungeon.
You were not hungry.

You visited 1 branch of the dungeon, and saw 5 of its levels.

You collected 126 gold pieces.

Inventory:

Hand Weapons
 a - a +0 spear (weapon)
 i - a cursed -2 short sword
 o - a +3 quarterstaff of chaos
Armour
 b - a +0 leather armour
 c - a +1 cloak (worn)
 g - a +0 ring mail (worn)
 s - a +0 pair of gloves (worn)
Jewellery
 k - a +3 amulet of reflection (around neck)
Scrolls
 e - 4 scrolls of teleportation {unknown}
 j - 2 scrolls of identify {unknown}
 n - a scroll of fog {unknown}
 q - 2 scrolls of enchant weapon {unknown}
 r - a scroll of blinking {unknown}
 t - a scroll of remove curse {unknown}
Potions
 l - a potion of flight
 p - a potion of invisibility
Comestibles
 d - 8 rations
 u - 3 chunks of flesh


   Skills:
 + Level 4.9 Fighting
 + Level 1.8 Short Blades
 + Level 1.8 Long Blades
 + Level 1.8 Axes
 + Level 1.8 Maces & Flails
 + Level 4.9 Polearms
 + Level 1.8 Staves
 + Level 1.8 Slings
 + Level 1.8 Bows
 + Level 1.8 Crossbows
 + Level 1.8 Throwing
 + Level 3.1 Armour
 + Level 4.9 Dodging
 + Level 1.8 Stealth
 + Level 1.8 Shields
 + Level 1.8 Unarmed Combat
 + Level 5.3 Spellcasting
 + Level 1.4 Conjurations
 + Level 1.4 Hexes
 + Level 5.6 Charms
 + Level 1.4 Summonings
 + Level 1.4 Necromancy
 + Level 1.4 Translocations
 + Level 1.4 Transmutations
 + Level 1.4 Fire Magic
 + Level 1.4 Ice Magic
 + Level 1.4 Air Magic
 + Level 1.4 Earth Magic
 + Level 1.4 Poison Magic
 + Level 2.0 Invocations
 + Level 1.8 Evocations


You had 14 spell levels left.
You knew the following spells:

 Your Spells              Type           Power        Failure   Level  Hunger
a - Infusion              Chrm           ####         1%          1    None

Your spell library contained the following spells:

 Spells                   Type           Power        Failure   Level  Hunger
 Shroud of Golubria       Chrm/Tloc      ####......   1%          2    None
 Song of Slaying          Chrm           #####...     1%          2    None
 Regeneration             Chrm/Necr      ####......   1%          3    ##.....
 Spectral Weapon          Hex/Chrm       ####....     1%          3    ##.....


Dungeon Overview and Level Annotations

Branches:
Dungeon (5/15)
 Temple: D:4-7

Altars:


Innate Abilities, Weirdness & Mutations

Your experience applies equally to all skills.
You have very sharp teeth.
Your uncanny sense of smell can sniff out nearby items.


Message History

You see here a water moccasin corpse.
* * * LOW HITPOINT WARNING * * *
You feel sick.
Okay, then.
Sorry, you're not good enough to have a special ability.
* * * LOW HITPOINT WARNING * * *
You feel sick.
Put on which piece of jewellery? (? for menu, Esc to quit)
k - a +3 amulet of reflection (around neck)
* * * LOW HITPOINT WARNING * * *
You feel sick.
* * * LOW HITPOINT WARNING * * *
You feel sick.
* * * LOW HITPOINT WARNING * * *
You feel sick.
Okay, then.
* * * LOW HITPOINT WARNING * * *
You feel sick.
Okay, then.
You die...

..# #.#.# #.#
#.#.# #.# #.#.#
#.# #.#.#
.######.####.#.#
.............#.#
#...........#
####.########
#@# #.# #.#
########.#
.........#
##########


There were no monsters in sight!

Vanquished Creatures
  A water moccasin (D:5)
  Crazy Yiuf (D:2)
  An orc wizard (D:5)
  4 adders (D:2)
  An ooze (D:3)
  2 worms (D:2)
  3 orcs (D:5)
  4 giant cockroaches
  9 goblins
  5 hobgoblins
  2 jackals (D:1)
  7 kobolds
  6 bats
  2 frilled lizards
  4 rats
52 creatures vanquished.

Notes
Turn   | Place    | Note
-------+----------+-------------------------------------------
     0 | D:1      | robertstho the Gnoll Skald began the quest for the Orb.
     0 | D:1      | Reached XP level 1. HP: 20/20 MP: 6/6
   198 | D:1      | Reached XP level 2. HP: 25/26 MP: 7/7
   927 | D:2      | Reached XP level 3. HP: 31/31 MP: 9/9
   972 | D:2      | Reached skill level 5 in Spellcasting
  1004 | D:2      | Reached skill level 1 in Invocations
  1291 | D:2      | Reached skill level 1 in Short Blades
  1291 | D:2      | Reached skill level 1 in Long Blades
  1291 | D:2      | Reached skill level 1 in Axes
  1291 | D:2      | Reached skill level 1 in Maces & Flails
  1291 | D:2      | Reached skill level 1 in Staves
  1291 | D:2      | Reached skill level 1 in Slings
  1291 | D:2      | Reached skill level 1 in Bows
  1291 | D:2      | Reached skill level 1 in Crossbows
  1291 | D:2      | Reached skill level 1 in Throwing
  1291 | D:2      | Reached skill level 1 in Stealth
  1291 | D:2      | Reached skill level 1 in Shields
  1291 | D:2      | Reached skill level 1 in Unarmed Combat
  1291 | D:2      | Reached skill level 1 in Evocations
  1319 | D:2      | Found a runed door.
  1479 | D:2      | Reached XP level 4. HP: 25/38 MP: 11/11
  2145 | D:2      | Noticed Crazy Yiuf
  2157 | D:2      | Killed Crazy Yiuf
  2157 | D:2      | Reached skill level 1 in Conjurations
  2157 | D:2      | Reached skill level 1 in Hexes
  2157 | D:2      | Reached skill level 1 in Summonings
  2157 | D:2      | Reached skill level 1 in Necromancy
  2157 | D:2      | Reached skill level 1 in Translocations
  2157 | D:2      | Reached skill level 1 in Transmutations
  2157 | D:2      | Reached skill level 1 in Fire Magic
  2157 | D:2      | Reached skill level 1 in Ice Magic
  2157 | D:2      | Reached skill level 1 in Air Magic
  2157 | D:2      | Reached skill level 1 in Earth Magic
  2157 | D:2      | Reached skill level 1 in Poison Magic
  2217 | D:3      | Reached XP level 5. HP: 34/43 MP: 12/12
  2471 | D:4      | Noticed an ogre
  2565 | D:5      | Entered Level 5 of the Dungeon
  2741 | D:5      | Noticed a water moccasin
  2765 | D:5      | Killed a water moccasin
  2765 | D:5      | Reached XP level 6. HP: 10/50 MP: 13/13
  2774 | D:5      | HP: 2/50 [poisoned by a water moccasin]
  2779 | D:5      | Succumbed to a water moccasin's poison

Vault maps used:
D:1:      ncdulo_lavacross, serial_forest, infiniplex_forest_end_3,
          infiniplex_forest_straight_5, infiniplex_forest_lined_ring,
          infiniplex_forest_zigzag_1, infiniplex_forest_lined_room_,
          infiniplex_forest_lined_room_, st_stairs_10
D:2:      first_ration, uniq_crazy_yiuf_cottage
D:3:      st_stairs_11
D:4:      serial_shops, kennysheep_mini, uniq_duvessa
D:5:      gammafunk_temple_overflow_wave, minmay_holes

Skill      XL: |  1  2  3  4  5 |
---------------+----------------+-----
Spellcasting   | 5 |  5.3
Invocations    | 1 2 |  2.0
Short Blades   | 1 |  1.8
Long Blades    | 1 |  1.8
Axes           | 1 |  1.8
Maces & Flails | 1 |  1.8
Staves         | 1 |  1.8
Slings         | 1 |  1.8
Bows           | 1 |  1.8
Crossbows      | 1 |  1.8
Throwing       | 1 |  1.8
Stealth        | 1 |  1.8
Shields        | 1 |  1.8
Unarmed Combat | 1 |  1.8
Evocations     | 1 |  1.8
Conjurations   | 1 |  1.4
Hexes          | 1 |  1.4
Summonings     | 1 |  1.4
Necromancy     | 1 |  1.4
Translocations | 1 |  1.4
Transmutations | 1 |  1.4
Fire Magic     | 1 |  1.4
Ice Magic      | 1 |  1.4
Air Magic      | 1 |  1.4
Earth Magic    | 1 |  1.4
Poison Magic   | 1 |  1.4
Armour         | 3 |  3.1
Fighting       | |  4.9
Polearms       | |  4.9
Dodging        | |  4.9
Charms         | |  5.6

Action                   |  1- 3 |  4- 6 || total
-------------------------+-------+-------++-------
Melee: Spear             |   171 |   111 ||   282
       Bite              |     9 |    12 ||    21
  Use: Potion            |       |     5 ||     5
 Stab: Invisible         |       |     3 ||     3
  Eat: Chunk             |     1 |     5 ||     6
Armor: Leather armour    |     6 |       ||     6
       Ring mail         |    27 |    23 ||    50
Dodge: Dodged            |    91 |    60 ||   151

Table legend:
 A = Non-vault XP
 B = Vault XP
 C = Vault XP percentage of total XP
 D = Non-vault monster count
 E = Vault monster count
 F = Vault count percentage of total count
                 A         B        C        D         E       F
            +---------+---------+-------+---------+---------+-------
      Total |     324 |      44 |  12.0 |      49 |       3 |   5.8
            +---------+---------+-------+---------+---------+-------
        D:1 |      24 |       4 |  14.3 |      16 |       2 |  11.1
        D:2 |      92 |      40 |  30.3 |      24 |       1 |   4.0
        D:3 |      13 |       0 |   0.0 |       4 |       0 |   0.0
        D:5 |     195 |       0 |   0.0 |       5 |       0 |   0.0
            +---------+---------+-------+---------+---------+-------
